Map: 코랄의 균열

Players

짐발모

  • Race: Terran Terran
  • Spawn Location: 7:00

테라진

  • Race: Protoss Protoss
  • Spawn Location: 7:00

VOD

Have the link to the VOD?

Description

Time

  • Played on: Aug. 19, 2017, 11:30 p.m.
  • Length: 18:44
Show
View Real Time Build Order
Export as new Build Order

짐발모 Terran 

Build Orders:  

Get SALT Encoding   

  12  0:12  SCV  
Show
View Real Time Build Order
Export as new Build Order

테라진 Protoss 

Build Orders:  

Get SALT Encoding   

  12  0:02  Probe (Chrono Boost)  
  13  0:16  Probe (Chrono Boost)  
  14  0:30  Probe (Chrono Boost)  
  14  0:36  Pylon  
  15  1:01  Probe (Chrono Boost)  
  15  1:07  Pylon  
  16  1:15  Probe (Chrono Boost)  
  17  1:28  Probe (Chrono Boost)  
  18  1:42  Probe (Chrono Boost)  
  19  1:53  Nexus  
  19  1:56  Probe (Chrono Boost)  
  20  2:03  Assimilator  
  20  2:08  Assimilator  
  20  2:10  Probe (Chrono Boost)  
  21  2:24  Probe (Chrono Boost)  
  22  2:31  Gateway  
  22  2:38  Probe (Chrono Boost)  
  23  2:52  Probe (Chrono Boost)  
  24  3:09  Probe (Chrono Boost)  
  25  3:18  Pylon  
  25  3:23  Probe (Chrono Boost)  
  26  3:36  Probe (Chrono Boost), Cybernetics Core  
  26  3:37  Probe (Chrono Boost)  
  28  3:50  Probe (Chrono Boost)  
  28  3:51  Gateway  
  28  3:57  Probe (Chrono Boost)  
  30  4:04  Probe (Chrono Boost)  
  31  4:11  Probe (Chrono Boost)  
  31  4:15  Assimilator  
  31  4:17  Assimilator  
  32  4:22  Probe (Chrono Boost)  
  32  4:25  Probe (Chrono Boost)  
  34  4:34  Pylon  
  34  4:35  Death Council  
  34  4:37  Probe (Chrono Boost)  
  35  4:50  Probe (Chrono Boost)  
  36  5:01  Probe (Chrono Boost)  
  36  5:04  Probe (Chrono Boost)  
  36  5:08  Pylon  
  38  5:11  Gateway  
  38  5:15  Probe (Chrono Boost)  
  38  5:18  Probe (Chrono Boost)  
  40  5:32  Probe (Chrono Boost)  
  41  5:46  Probe (Chrono Boost)  
  41  5:47  Probe (Chrono Boost)  
  43  5:53  Ascendant Archives  
  43  5:56  Gateway  
  43  6:00  Probe (Chrono Boost)  
  43  6:01  Probe (Chrono Boost)  
  43  6:05  Gateway  
  45  6:13  Gateway  
  45  6:14  Probe (Chrono Boost), Warp Gate  
  45  6:15  Probe (Chrono Boost)  
  47  6:24  Gateway  
  47  6:28  Probe (Chrono Boost)  
  48  6:33  Gateway  
  48  6:38  Pylon  
  48  6:41  Power Overwhelming (Chrono Boost)  
  48  6:50  Forge  
  48  7:03  Cloaking Module  
  48  7:17  Robotics Facility  
  48  7:32  Mind Blast (Chrono Boost)  
  48  7:36  Imposing Presence  
  48  7:44  Ascendant x2  
  48  7:46  Ascendant  
  54  7:54  Ascendant  
  54  7:58  Detect Weakness  
  56  8:02  Supplicant x2  
  56  8:03  Supplicant x2  
  56  8:04  Mothership  
  64  8:16  Pylon  
  64  8:23  Chaotic Attunement (Chrono Boost)  
  60  8:43  Havoc  
  60  8:45  Ascendant  
  60  8:46  Ascendant  
  60  8:48  Supplicant x4  
  60  8:49  Supplicant x4  
  73  9:17  Ascendant  
  75  9:20  Supplicant x4  
  75  9:21  Supplicant x2  
  75  9:28  Bloodshard Resonance  
  85  9:34  Pylon  
  79  10:06  Ascendant x3  
  85  10:11  Pylon  
  85  10:16  Supplicant x2  
  85  10:17  Supplicant x2  
  93  10:34  Nexus  
  89  10:40  Nexus  
  89  10:43  Nexus  
  89  10:47  Warp Prism  
  91  11:10  Ascendant x3  
  91  11:11  Pylon  
  91  11:13  Supplicant x2  
  101  11:26  Ascendant  
  101  11:29  Supplicant x4  
  97  11:34  Protoss Ground Weapons Level 1  
  97  11:50  Supplicant x2  
  97  11:56  Ascendant  
  103  12:03  Supplicant x2  
  107  12:15  Pylon  
  107  12:19  Pylon  
  107  12:21  Ascendant  
  107  12:24  Supplicant x2  
  107  12:25  Supplicant x4  
  109  12:48  Havoc  
  106  12:50  Ascendant  
  106  12:52  Supplicant x4  
  106  12:53  Supplicant x4  
  124  13:01  Supplicant x2  
  124  13:09  Mothership  
  124  13:12  Ascendant  
  124  13:14  Supplicant x2  
  130  13:23  Ascendant  
  130  13:25  Supplicant x2  
  102  14:04  Supplicant x4  
  102  14:05  Supplicant x4  
  102  14:06  Ascendant  
  118  14:23  Supplicant x4  
  118  14:24  Supplicant x4  
  110  14:52  Supplicant x8  
  106  16:14  Supplicant x6  
  106  16:15  Supplicant x2  
  112  16:23  Pylon  
  104  16:36  Supplicant x6  
  104  16:37  Supplicant x6  
  104  16:38  Havoc  
  104  16:39  Havoc  
  116  17:06  Supplicant x2  
  116  17:07  Supplicant x8  
  116  17:08  Supplicant x4  
  118  17:33  Supplicant x2  
  118  17:34  Supplicant x6  
  134  17:43  Pylon  
  114  18:16  Pylon  
Tags
 
Add a new tag
Caveats
  • Supply blocks, unpowered buildings, or Contaminate may cause inaccurate times.
  • Supply counts are checked every 10 seconds.